 Dungeon Crawl Stone Soup version 0.30-a0-422-g946f4849ff (webtiles) character file.

Game seed: 10954984428369022824

89 blitzkryeg the Chopper (level 4, -2/38 HPs)
             Began as a Gnoll Reaver on Dec 8, 2022.
             Killed from afar by an orc wizard (4 damage)
             ... with a magic dart
             ... on level 4 of the Dungeon.
             The game lasted 00:18:46 (3019 turns).

blitzkryeg the Chopper (Gnoll Reaver)               Turns: 3019, Time: 00:18:47

Health: -2/38      AC:  7    Str: 13    XL:     4   Next: 55%
Magic:  3/11       EV: 12    Int: 12    God:
Gold:   205        SH:  0    Dex: 11    Spells: 0/13 levels left

rFire   . . .      SeeInvis .    a - +0 hand axe
rCold   + . .      Faith    .    (no shield)
rNeg    . . .      Spirit   .    b - +0 leather armour
rPois   .          Reflect  .    (no helmet)
rElec   .          Harm     .    (no cloak)
rCorr   .          Rampage  .    (no gloves)
Will    .....                    (no boots)
Stlth   +.........               (no amulet)
HPRegen 0.26/turn                g - ring of protection from cold
MPRegen 0.12/turn                h - +4 ring of protection

@: confused, lethally poisoned (-2 -> -7)
A: fangs 1, strong nose, distributed training
a: no special abilities


You were on level 4 of the Dungeon.
You visited 1 branch of the dungeon, and saw 4 of its levels.

You collected 205 gold pieces.

Inventory:

Hand Weapons
 a - a +0 hand axe (weapon)
Missiles
 f - 23 stones (quivered)
Armour
 b - a +0 leather armour (worn)
Jewellery
 g - a ring of protection from cold (left hand)
 h - a +4 ring of protection (right hand)
 o - a ring of ice
Scrolls
 d - a scroll of fear {unknown}
 e - a scroll of magic mapping {unknown}
 i - a scroll of amnesia {unknown}
 k - a scroll of noise
 l - a scroll of teleportation {unknown}
 s - 2 scrolls of enchant armour {unknown}
 t - a scroll of fog {unknown}
 u - a scroll of immolation {unknown}
Potions
 c - 2 potions of invisibility {unknown}
 j - a potion of mutation {unknown}
 n - 2 potions of curing {unknown}
 p - a potion of haste {unknown}
 q - a potion of flight {unknown}


   Skills:
 + Level 4.7 Fighting
 + Level 1.2 Short Blades
 + Level 1.2 Long Blades
 + Level 6.6 Axes
 + Level 1.2 Maces & Flails
 + Level 1.2 Polearms
 + Level 1.2 Staves
 + Level 1.2 Ranged Weapons
 + Level 1.2 Throwing
 + Level 1.2 Armour
 + Level 4.7 Dodging
 + Level 1.2 Stealth
 + Level 1.2 Shields
 + Level 1.2 Unarmed Combat
 + Level 5.1 Spellcasting
 + Level 5.5 Conjurations
 + Level 1.0 Hexes
 + Level 1.0 Summonings
 + Level 1.0 Necromancy
 + Level 1.0 Translocations
 + Level 1.0 Transmutations
 + Level 1.0 Fire Magic
 + Level 1.0 Ice Magic
 + Level 1.0 Air Magic
 + Level 1.0 Earth Magic
 + Level 1.0 Poison Magic
 + Level 1.3 Invocations
 + Level 1.2 Evocations


You couldn't memorise any spells.
You knew the following spells:

 Your Spells              Type           Power      Damage    Failure   Level
a - Kiss of Death         Conj/Necr      40%        2d8       7%          1
b - Momentum Strike       Conj/Tloc      20%        3d8       10%         2
c - Hailstorm             Conj/Ice       10%        3d5       21%         3
d - Passwall              Tmut/Erth      4%         N/A       26%         2
e - Swiftness             Air            5%         N/A       45%         3
f - Ensorcelled Hibernat  Hex/Ice        10%        N/A       26%         2

Your spell library contained the following spells:

 Spells                   Type           Power      Damage    Failure   Level


Dungeon Overview and Level Annotations

Branches:
Dungeon (4/15)
 Temple: D:4-7

Altars:
Gozag


Innate Abilities, Weirdness & Mutations

You have very sharp teeth.
Your uncanny sense of smell can sniff out nearby items.
Your experience applies equally to all skills.


Message History

You are no longer poisoned.
You hear some strange, mumbled words.
A puff of flame appears from out of thin air!
The puff of flame hits you.
You hit something but do no damage. Your bite misses something.
Something hits you but does no damage.
You barely miss something. Something barely misses you.
You miss something.
You hear some strange, mumbled words.
Something tries to affect you, but you resist.
You hit something.
You hear some strange, mumbled words.
You are confused.
You hit something but do no damage. Something hits you but does no damage.
You're too confused to move!
You hear some strange, mumbled words.
You are more confused.
You closely miss something. Your bite misses something.
Something hits you but does no damage.
You closely miss something. Something hits you but does no damage.
You closely miss something. Your bite misses something. Something hits you.
You are engulfed in poison gas.
You are poisoned.
You feel very sick. Something hits you but does no damage.
You see here a +0 mace.
* * * LOW HITPOINT WARNING * * *
You feel very sick.
A magic dart appears from out of thin air!
The magic dart hits you.
* * * LOW HITPOINT WARNING * * *
* * * LOW HITPOINT WARNING * * *
You feel sick.
Things that are here:
a +0 hand axe; 2 boomerangs; a +0 ring mail
* * * LOW HITPOINT WARNING * * *
You feel sick.
An orc wizard appears from thin air!
Reactivating autopickup.
The orc wizard casts a spell at you. The magic dart hits you.
You die...

###.###.# ...
###.......## #.#
#....<.....# #.#
........##...#
#.####
..#.#.####...#
#.... #. #. #.#.#
#))# # #.#.###.°#
#.#.o.°..#
#..°)@°†.#
#.°°...##.##
#.#.#..##...
#......°.......
...#.#°°°######.#
.# #.#...# #
..##.°# #..#


You could see an orc wizard.

Vanquished Creatures
  An adder (D:2)
  2 worms (D:2)
  3 dart slugs
  7 orcs (D:4)
  3 endoplasms
  6 giant cockroaches
  6 goblins
  2 hobgoblins
  6 quokkas
  7 ball pythons
  2 bats
  5 frilled lizards
  4 kobolds
  3 rats
57 creatures vanquished.

Vanquished Creatures (others)
  A kobold (D:2)
  A fungus (D:1)
  4 plants
6 creatures vanquished.

Grand Total: 63 creatures vanquished

Notes
Turn   | Place    | Note
-------+----------+-------------------------------------------
     0 | D:1      | blitzkryeg the Gnoll Reaver began the quest for the Orb.
     0 | D:1      | Reached XP level 1. HP: 20/20 MP: 6/6
   430 | D:1      | Found a faded altar of an unknown god.
   480 | D:1      | Reached XP level 2. HP: 26/26 MP: 7/7
  1355 | D:2      | Reached skill level 5 in Spellcasting
  1355 | D:2      | Reached XP level 3. HP: 24/29 MP: 7/9
  1358 | D:2      | Learned a level 2 spell: Momentum Strike
  1362 | D:2      | Learned a level 3 spell: Hailstorm
  1456 | D:2      | Reached skill level 1 in Invocations
  1741 | D:2      | Reached skill level 1 in Short Blades
  1741 | D:2      | Reached skill level 1 in Long Blades
  1741 | D:2      | Reached skill level 1 in Maces & Flails
  1741 | D:2      | Reached skill level 1 in Polearms
  1741 | D:2      | Reached skill level 1 in Staves
  1741 | D:2      | Reached skill level 1 in Ranged Weapons
  1741 | D:2      | Reached skill level 1 in Throwing
  1741 | D:2      | Reached skill level 1 in Armour
  1741 | D:2      | Reached skill level 1 in Stealth
  1741 | D:2      | Reached skill level 1 in Shields
  1741 | D:2      | Reached skill level 1 in Unarmed Combat
  1741 | D:2      | Reached skill level 1 in Evocations
  2113 | D:3      | Reached XP level 4. HP: 38/38 MP: 11/11
  2284 | D:3      | Identified the +0 leather armour "Qaantemm" {rPois rN++}
  2374 | D:3      | Found an opulent altar of Gozag.
  2912 | D:3      | Learned a level 2 spell: Passwall
  2916 | D:3      | Learned a level 3 spell: Swiftness
  2919 | D:3      | Learned a level 2 spell: Ensorcelled Hibernation
  2975 | D:4      | Reached skill level 1 in Hexes
  2975 | D:4      | Reached skill level 1 in Summonings
  2975 | D:4      | Reached skill level 1 in Necromancy
  2975 | D:4      | Reached skill level 1 in Translocations
  2975 | D:4      | Reached skill level 1 in Transmutations
  2975 | D:4      | Reached skill level 1 in Fire Magic
  2975 | D:4      | Reached skill level 1 in Ice Magic
  2975 | D:4      | Reached skill level 1 in Air Magic
  2975 | D:4      | Reached skill level 1 in Earth Magic
  2975 | D:4      | Reached skill level 1 in Poison Magic
  3019 | D:4      | Killed from afar by an orc wizard

Illustrated notes

Levels and vault maps discovered:
D:1:      giann_horns, layout_basic, shapermc_ecumenical_altar_hornbeckon
D:2:      layout_rooms, serial_forest, infiniplex_forest_straight_4,
          infiniplex_forest_zigzag_2, infiniplex_forest_corner_1,
          infiniplex_forest_clump_diagonal
D:3:      layout_basic, nicolae_gozag_seed_capital, hex_tiny,
          minmay_goblin_kobold_house
D:4:      layout_loops_ring, minmay_temple_entry_slanted,
          kennysheep_cluttered_room

Skill      XL: |  1  2  3  4 |
---------------+-------------+-----
Spellcasting   | 5 |  5.1
Invocations    | 1 |  1.3
Short Blades   | 1 |  1.2
Long Blades    | 1 |  1.2
Maces & Flails | 1 |  1.2
Polearms       | 1 |  1.2
Staves         | 1 |  1.2
Ranged Weapons | 1 |  1.2
Throwing       | 1 |  1.2
Armour         | 1 |  1.2
Stealth        | 1 |  1.2
Shields        | 1 |  1.2
Unarmed Combat | 1 |  1.2
Evocations     | 1 |  1.2
Hexes          | 1 |  1.0
Summonings     | 1 |  1.0
Necromancy     | 1 |  1.0
Translocations | 1 |  1.0
Transmutations | 1 |  1.0
Fire Magic     | 1 |  1.0
Ice Magic      | 1 |  1.0
Air Magic      | 1 |  1.0
Earth Magic    | 1 |  1.0
Poison Magic   | 1 |  1.0
Fighting       | |  4.7
Axes           | |  6.6
Dodging        | |  4.7
Conjurations   | |  5.5

Action                   |  1- 3 |  4- 6 || total
-------------------------+-------+-------++-------
Melee: Hand axe          |   148 |    68 ||   216
       Bite              |    12 |     3 ||    15
Throw: Stone             |    18 |    13 ||    31
 Cast: Kiss of Death     |     1 |       ||     1
       Momentum Strike   |     1 |       ||     1
       Hailstorm         |       |     5 ||     5
  Use: Scroll            |     3 |     3 ||     6
       Potion            |       |     4 ||     4
 Stab: Distracted        |     1 |       ||     1
       Sleeping          |       |     1 ||     1
Armor: Leather armour    |    38 |    42 ||    80
Dodge: Dodged            |    68 |    50 ||   118

Table legend: (Time is in decaauts)
 A = Elapsed time spent in this place.
 B = Non-inter-level travel time spent in this place.
 C = Inter-level travel time spent in this place.
 D = Time resting spent in this place.
 E = Time spent auto-exploring this place.
 F = Levels seen in this place.
 G = Mean time per level.
                   A        B        C        D        E       F      G
               +--------+--------+--------+--------+--------+-----+--------+
         Total |   3021 |   2472 |    549 |     64 |   1885 |   4 |  755.2 |
       Dungeon |   3021 |   2472 |    549 |     64 |   1885 |   4 |  755.2 |
               +--------+--------+--------+--------+--------+-----+--------+

Top non-repeatable levels by time:
     D:1: 1235 daAuts
     D:3: 958 daAuts
     D:2: 754 daAuts
     D:4: 72 daAuts
